 Dungeon Crawl Stone Soup version 0.28.0-45-g0d030f2227 (webtiles) character file.

Game seed: 3315242001645944664

725581 RepoMan the Heavyweight Champion (level 27, -1/426 (429) HPs)
             Began as a Troll Conjurer on Apr 6, 2022.
             Was a High Priest of Dithmenos.
             Slain by a fire giant
             ... wielding a +0 great sword of flaming
             ... created by the fury of Okawaru
              (4 damage)
             ... in Pandemonium on Apr 8, 2022.
             The game lasted 13:21:03 (73187 turns).

RepoMan the Heavyweight Champion (Troll Conjurer)  Turns: 73187, Time: 13:21:04

HP:   -1/426 (429)  AC: 22    Str: 21 (23) XL:     27
MP:   34/40         EV: 25    Int: 26      God:    Dithmenos [*****.]
Gold: 2760          SH:  0    Dex: 10      Spells: 5/48 levels left

rFire   . . .      SeeInvis +     - Unarmed
rCold   . . .      Faith    .   (shield currently unavailable)
rNeg    . . .      Spirit   .   (armour currently unavailable)
rPois   ∞          Reflect  .   (helmet currently unavailable)
rElec   +          Harm     .   (cloak currently unavailable)
rCorr   .          Rampage  .   (gloves unavailable)
Will    +++..                   (boots unavailable)
Stlth   ..........              D - amulet of Vitality {Regen+ HP+15}
HPRegen 2.41/turn               w - ring of willpower
MPRegen 0.27/turn               h - ring of the Good {Int+2 Dex+2 SInv}

@: berserking, storm-form, silenced, flying, wreathed by umbra, studying Earth
Magic, lightly drained, very quick
A: cleaving, flying, large, unfitting armour, (claws 3), regeneration 1, (shaggy
fur 1), (tough skin 1), (iridescent scales 1), deterioration 1, frail 1, high MP
1
}: 6/15 runes: serpentine, barnacled, slimy, silver, abyssal, demonic
a: Blinkbolt, End Transformation, Renounce Religion


You were in Pandemonium.
You worshipped Dithmenos.
Dithmenos was extremely pleased with you.
You were a lightning-filled tempest!
You visited 11 branches of the dungeon, and saw 52 of its levels.
You visited Pandemonium 4 times, and saw 8 of its levels.
You visited the Abyss 1 time.
You visited 2 bazaars.
You visited 1 ziggurat, and saw 10 of its levels.
You also visited: Sewer, Bailey and Wizlab.

You collected 8306 gold pieces.
You spent 5546 gold pieces at shops.

Inventory:

Hand Weapons
 s - the +8 whip "Snakebite" {venom, curare, rPois}
   (You found it on level 3 of the Lair of Beasts)

   It poisons the flesh of those it strikes.
   It occasionally inflicts asphyxiating poison on those it strikes, dealing
   poison damage and causing slowness.
   rPois:     It protects you from poison.
Missiles
 g - 4 throwing nets
 I - 10 curare-tipped darts
Armour
 d - the +18 shield of the Gong {rElec rN+ Will+ EV-5}
   (You took it off a deep elf high priest on level 5 of the Vaults)

   It is deafeningly noisy when blocking attacks.
   EV:        It affects your evasion (-5).
   rElec:     It insulates you from electricity.
   rN:        It protects you from negative energy.
   Will:      It increases your willpower.
 j - the +2 hat of Lifelessness {rF++}
   (Okawaru gifted it to you on level 3 of the Depths)

   rF:        It greatly protects you from fire.
 o - a scarf of resistance (melded)
 q - a scarf of repulsion
 B - a +0 cloak of preservation
 G - a +1 tower shield of reflection
 P - a +2 robe of the Archmagi (melded)
 V - a +2 hat of intelligence (melded)
Magical Staves
 a - a staff of air (melded)
Jewellery
 f - the amulet of Fateschask {RegenMP +Blink Int+6 Dex+2}
   (You found it on level 8 of a ziggurat)

   [amulet of magic regeneration]

   It increases your rate of magic regeneration.
   Int:       It affects your intelligence (+6).
   Dex:       It affects your dexterity (+2).
   +Blink:    It lets you blink.
 h - the ring of the Good (right fist) {Int+2 Dex+2 SInv}
   (You found it on level 7 of a ziggurat)

   [ring of see invisible]

   Int:       It affects your intelligence (+2).
   Dex:       It affects your dexterity (+2).
   SInv:      It lets you see invisible.
 p - a +4 ring of protection
 w - a ring of willpower (left fist)
 z - a ring of wizardry
 A - a ring of positive energy
 D - the amulet of Vitality (around neck) {Regen+ HP+15}
   (You found it on level 10 of the Dungeon)

   [amulet of regeneration]

   HP:        It affects your health (+15).
   Regen:     It increases your rate of health regeneration.
 F - a ring of resist corrosion
 K - the amulet of Qaxkepai {Reflect rPois rC- Dex+2 SH+5 SInv}
   (You found it on level 5 of the Pits of Slime)

   [amulet of reflection]

   It reflects blocked missile attacks.
   Dex:       It affects your dexterity (+2).
   rC:        It makes you vulnerable to cold.
   rPois:     It protects you from poison.
   SInv:      It lets you see invisible.
   SH:        It affects your SH (+5).
 Q - a ring of protection from fire
Wands
 i - a wand of acid (26)
 r - a wand of digging (10)
 t - a wand of paralysis (28)
 U - a wand of iceblast (45)
 Y - a wand of mindburst (22)
 Z - a wand of flame (26)
Scrolls
 c - 9 scrolls of immolation
 k - 6 scrolls of fog
 l - 8 scrolls of amnesia
 v - 19 scrolls of enchant weapon
 C - 4 scrolls of vulnerability
 E - a scroll of fear
 J - 21 scrolls of teleportation
 M - 6 scrolls of magic mapping
 R - 4 scrolls of enchant armour
Potions
 b - a potion of cancellation
 e - 8 potions of mutation
 n - 6 potions of brilliance
 x - a potion of flight
 H - 6 potions of lignification
 L - 11 potions of curing
 N - 2 potions of ambrosia
 O - 4 potions of magic
 W - a potion of resistance
 X - 3 potions of haste
Miscellaneous
 u - a condenser vane
 y - a phantom mirror
 S - a phial of floods


   Skills:
 + Level 22.8 Fighting
 - Level 3.0 Throwing
 - Level 11.0 Dodging
 - Level 1.0 Stealth
 O Level 27 Unarmed Combat
 - Level 11.0 Spellcasting
 - Level 2.9 Conjurations
 - Level 3.0 Translocations
 - Level 12.0 Transmutations
 - Level 1.0 Fire Magic
 * Level 17.5 Air Magic
 - Level 1.0 Poison Magic
 + Level 10.7 Invocations


You had 5 spell levels left.
You knew the following spells:

 Your Spells              Type           Power      Damage    Failure   Level
b - Blink                 Tloc           58%        N/A       1%          2
c - Corpse Rot            Necr/Air       100%       N/A       1%          2
g - Apportation           Tloc           58%        N/A       1%          1
i - Ignite Poison         Fire/Tmut/Pois 38%        N/A       1%          3
l - Lesser Beckoning      Tloc           29%        N/A       3%          3
o - Olgreb's Toxic Radia  Pois           19%        N/A       26%         4
q - Magic Dart            Conj           100%       1d8       1%          1
s - Storm Form            Tmut/Air       37%        N/A       9%          7
v - Poisonous Vapours     Pois/Air       100%       N/A       1%          2
w - Wereblood             Tmut           67%        N/A       1%          2
M - Maxwell's Capacitive  Air            40%        ∞         21%         8
Q - Silence               Hex/Air        28%        N/A       3%          5
S - Swiftness             Air            81%        N/A       0%          3

Your spell library contained the following spells:

 Spells                   Type           Power      Damage    Failure   Level
 Shock                    Conj/Air       100%       1d9       1%          1
 Sting                    Tmut/Pois      100%       1d8       1%          1
 Passwall                 Tmut/Erth      37%        N/A       1%          2
 Searing Ray              Conj           58%        2d6       1%          2
 Static Discharge         Conj/Air       61%        N/A       1%          2
 Spider Form              Tmut/Pois      48%        N/A       1%          3
 Airstrike                Air            40%        N/A       1%          4
 Summon Lightning Spire   Summ/Air       56%        N/A       1%          4
 Blade Hands              Tmut           33%        N/A       1%          5
 Lightning Bolt           Conj/Air       30%        1d47      1%          5
 Gell's Gravitas          Tloc           29%        N/A       3%          3
 Teleport Other           Tloc           29%        N/A       3%          3
 Ice Form                 Ice/Tmut       45%        N/A       3%          4
 Petrify                  Tmut/Erth      45%        N/A       3%          4
 Animate Skeleton         Necr           28%        N/A       4%          1
 Pain                     Necr           56%        1d6       4%          1
 Sandblast                Erth           28%        2d8       4%          1
 Slow                     Hex            56%        N/A       4%          1
 Scorch                   Fire           38%        2d7       4%          2
 Conjure Flame            Conj/Fire      24%        6-21      5%          3
 Irradiate                Conj/Tmut      26%        3d22      5%          5
 Ensorcelled Hibernation  Hex/Ice        28%        N/A       6%          2
 Sublimation of Blood     Necr           14%        N/A       6%          2
 Dazzling Flash           Conj/Hex       44%        N/A       7%          3
 Portal Projectile        Hex/Tloc       44%        N/A       7%          3
 Stone Arrow              Conj/Erth      44%        3d9       7%          3
 Freezing Cloud           Conj/Ice/Air   24%        6-21      7%          5
 Alistair's Intoxication  Tmut/Pois      32%        N/A       8%          5
 Confusing Touch          Hex            14%        N/A       12%         3
 Frozen Ramparts          Ice            28%        1d4       12%         3
 Tukima's Dance           Hex            14%        N/A       12%         3
 Vampiric Draining        Necr           14%        2d7       12%         3
 Iskenderun's Mystic Bla  Conj/Tloc      29%        2d7       12%         4
 Passage of Golubria      Tloc           29%        N/A       12%         4
 Flame Wave               Conj/Fire      24%        2d7       19%         4
 Sticky Flame             Conj/Fire      24%        2d5       19%         4
 Fulminant Prism          Conj/Hex       11%        3d9       22%         4
 Hailstorm                Conj/Ice       22%        3d7       22%         4
 Manifold Assault         Tloc           29%        N/A       32%         5
 Iskenderun's Battlesphe  Conj           29%        2d8       34%         5
 Anguish                  Hex/Necr       7%         N/A       38%         4
 Animate Armour           Summ/Erth      28%        N/A       38%         4
 Cause Fear               Hex            7%         N/A       38%         4
 Dispel Undead            Necr           14%        3d10      38%         4
 Leda's Liquefaction      Hex/Erth       7%         N/A       38%         4
 Summon Ice Beast         Ice/Summ       14%        N/A       38%         4
 Fireball                 Conj/Fire      12%        3d7       45%         5
 Agony                    Necr           14%        N/A       75%         5
 Borgnjor's Vile Clutch   Necr/Erth      7%         N/A       75%         5
 Excruciating Wounds      Necr           7%         N/A       75%         5
 Lee's Rapid Deconstruct  Erth           7%         3d7*      75%         5
 Metabolic Englaciation   Hex/Ice        7%         N/A       75%         5
 Dragon Form              Tmut           33%        N/A       26%         7
 Eringya's Noxious Bog    Tmut/Pois      24%        N/A       41%         6
 Statue Form              Tmut/Erth      30%        N/A       47%         6
 Starburst                Conj/Fire      12%        6d5       96%         6
 Iron Shot                Conj/Erth      11%        9d3       98%         6
 Death Channel            Necr           7%         N/A       99%         6
 Simulacrum               Ice/Necr       7%         N/A       99%         6
 Summon Cactus Giant      Summ           7%         N/A       99%         6
 Enfeeble                 Hex            7%         N/A       100%        7
 Haunt                    Necr/Summ      7%         N/A       100%        7
 Spellforged Servitor     Conj/Summ      11%        N/A       100%        7
 Summon Hydra             Summ           7%         N/A       100%        7
 Infestation              Necr           7%         N/A       100%        8
 Lehudib's Crystal Spear  Conj/Erth      11%        10d4      100%        8
 Chain Lightning          Conj/Air       30%        3d40      100%        9
 Death's Door             Necr           7%         N/A       100%        9
 Dragon's Call            Summ           7%         N/A       100%        9
 Fire Storm               Conj/Fire      12%        8d3       100%        9
 Shatter                  Erth           7%         3d9*      100%        9


Dungeon Overview and Level Annotations

Branches:
Dungeon (15/15)            Temple (1/1) D:5            Lair (6/6) D:9
 Shoals (4/4) Lair:3        Snake (4/4) Lair:2        Slime (5/5) Lair:5
    Orc (2/2) D:12            Elf (3/3) Orc:2        Vaults (5/5) D:13
  Crypt (3/3) Vaults:2       Tomb (0/3) Crypt:3      Depths (4/4) D:15
    Zot (0/5) Depths:4      Sewer (visited)          Bailey (visited)
 WizLab (visited)

Altars:
Ashenzari
Cheibriados
Dithmenos
Elyvilon
Fedhas
Gozag
Hepliaklqana
Kikubaaqudgha
Makhleb
Nemelex Xobeh
Okawaru
Qazlal
Ru
Sif Muna
Trog
Uskayaw
Vehumet
Wu Jian
Xom
Yredelemnul
Zin
The Shining One
Jiyva

Shops:
D:11 (   Orc:2 **[:[   Elf:1 (   Elf:3 !   Snake:2 ?   Snake:4 :   Vaults:1 :
Vaults:5 *   Depths:1 *   Depths:3 =::

Portals:
Hell: Depths:1 Depths:2 Depths:3 Depths:4
Abyss: Depths:3 Depths:4
Pandemonium: Depths:2 Depths:4

Annotations:
Shoals:1 exclusion: 2 downstairs
Crypt:1 exclusion: 2 downstairs


Innate Abilities, Weirdness & Mutations

You are a lightning-filled tempest!
Your electrical attacks strike out in all directions at once.
You are incredibly evasive.
You are flying.
You are immune to poison.
Your armour is entirely melded.
You are incapable of wielding weapons or throwing items.
You are too large for most types of armour.
((You have claws for hands.))
Your natural rate of healing is unusually fast.
((You are covered in fur. (AC +1)))
((You have tough skin. (AC +1)))
((You are partially covered in iridescent scales. (AC +2)))
Your body sometimes deteriorates upon taking damage.
You are frail. (-10% HP)
You have an increased reservoir of magic. (+10% MP)


Message History

Okay, then.
Unknown command.
Unknown command.
Unknown command.
Save game and exit?
Welcome back, RepoMan the Troll Conjurer.
Dithmenos says: Spread the eternal night.
Press ? for a list of commands and other information.
Okay, then.
Unknown command.
Okay, then.
Unknown command.
Press: ? - help, v - describe, . - travel
Here: a fire giant, wielding a +0 great sword of flaming (moderately wounded, durably summoned, umbra)
The floor.
Unknown command.
Okay, then.
Unknown command.
Unknown command.
Unknown command.
Press: ? - help, v - describe, . - travel
Here: a fire giant, wielding a +0 great sword of flaming (almost dead, durably summoned, umbra)
The floor, spattered with blood.
Unknown command.
Unknown command.
As you read the scroll of silence, it crumbles to dust.
A profound silence engulfs you. The fire giant closely misses you.
The deep elf archer unwields a +0 dagger.
The deep elf archer wields a +0 longbow.
The deep elf archer shoots an arrow.
The arrow completely misses you.
The fire giant hits you with a +0 great sword of flaming!!
* * * LOW HITPOINT WARNING * * *
The fire giant burns you!
* * * LOW HITPOINT WARNING * * *
A red film seems to cover your vision as you go berserk!
You feel yourself moving faster!
You feel mighty!
The fire giant hits you with a +0 great sword of flaming!
* * * LOW HITPOINT WARNING * * *
The fire giant burns you.
You die...

▒. +.. ▒▒▒'▒▒▒▒▒▒▒▒▒+▒▒
▒▒.. .......▒.......▒ ▒...
.......▒.......▒▒▒▒+▒▒▒▒▒▒
......e▒.."....▒......▒...
......ee.......+......▒...
......e▒e......▒......▒...
......e▒CC.....▒......'...
...ee.e▒.vC....▒▒▒▒...▒...
▒▒▒'▒▒▒▒▒▒▒▒▒▒'▒..▒'▒.▒...
... ▒▒▒......▒▒▒... ...
+..........▒▒▒▒ ..
▒▒▒......▒▒▒ ▒.▒▒▒..▒▒▒
▒...▒'▒▒ ▒.....▒▒▒
▒.......▒


You could see 3 fire giants, 2 deep elf archers and a deep elf knight.

Vanquished Creatures
  the Royal Jelly (Slime:5)
  Dissolution (Slime:3)
  Mara (Snake:3)
  2 Killer Klowns
  Bai Suzhen (Vaults:4)
  Saint Roka (Snake:3)
  Margery (Crypt:1)
  Xtahua (Vaults:4)
  2 caustic shrikes
  4 golden dragons
  A Tzitzimitl (Pan)
  3 Brimstone Fiends (Pan)
  An iron giant (Zig:10)
  3 tentacled monstrosities
  7 Ice Fiends (Pan)
  6 liches
  A Hell Sentinel (Zig:10)
  Mlioglotl (Arena)
  Jorgrun (Elf:2)
  11 titans
  5 deep elf master archers
  4 deep elf blademasters
  A kraken (Shoals:3)
  A quicksilver dragon (Depths:3)
  13 Executioners (Pan)
  13 acid blobs
  A tentacled starspawn (Abyss:3)
  8 sphinxes
  Gastronok (D:8)
  7 ancient champions
  A thorn hunter (Zig:7)
  6 tengu reavers
  5 shadow dragons
  4 storm dragons
  2 nagarajas
  7 demonspawn warmongers (Pan)
  Donald (Elf:1)
  8 rockslimes
  11 fire giants
  10 azure jellies
  2 draconian monks (Zig:8)
  2 draconian knights
  5 pandemonium lords (Pan)
  4 iron dragons
  2 draconian scorchers
  7 revenants
  9 balrugs (Pan)
  An orc warlord (Arena)
  26 vault wardens
  Louise (Shoals:1)
  A juggernaut zombie (Depths:1)
  3 spectral caustic shrikes (Depths:4)
  A spectral juggernaut (Crypt:3)
  Aizul (Snake:2)
  4 cacodemons (Pan)
  5 deep elf sorcerers
  16 frost giants
  2 draconian shifters
  11 ghost moths
  A draconian annihilator (Zig:8)
  4 ghouls
  A draconian stormcaller (Depths:4)
  A caustic shrike zombie (Depths:2)
  10 quicksilver oozes
  A demonspawn corrupter (Pan)
  A deep elf elementalist (Elf:3)
  16 ironbound preservers
  A spriggan defender (Depths:4)
  3 curse skulls
  16 very ugly things
  9 ironbound thunderhulks
  3 war gargoyles
  5 demonspawn blood saints (Pan)
  7 reapers
  10 demonspawn black suns (Pan)
  18 stone giants
  A green draconian (Depths:4)
  13 vampire knights
  A juggernaut skeleton (Crypt:1)
  9 purple draconians
  A black draconian (Zig:8)
  10 deep elf demonologists
  A red draconian (Depths:4)
  6 lorocyprocas (Pan)
  4 deep elf annihilators
  4 entropy weavers
  A spectral titan (Crypt:3)
  5 spark wasps
  9 statues (WizLab)
  10 eidola
  4 yellow draconians
  8 jiangshi
  11 blizzard demons (Pan)
  3 merfolk javelineers
  9 dire elephants
  The ghost of CryoSword the Protected, a journeyman GnWn of Gozag (Lair:1)
  2 iron golems (Zig:10)
  3 crystal guardians
  7 fire dragons
  13 deep elf death magi
  14 merfolk impalers
  6 ettins
  16 great orbs of eyes
  A spectral spriggan (Crypt:3)
  15 yaktaur captains
  3 green deaths (Pan)
  6 deep elf high priests
  6 rakshasas
  13 ice dragons
  3 hell beasts
  5 salamander tyrants (Snake:4)
  Harold (D:10)
  A boulder beetle (shapeshifter) (Vaults:5)
  7 hydras
  The ghost of Tali the Cleaver, a journeyman DsBe of Trog (Orc:1)
  42 vault guards
  5 boulder beetles
  7 spriggan air magi
  Erolcha (D:13)
  6 merfolk avatars
  A peacekeeper (Vaults:4)
  17 centaur warriors
  2 catoblepae
  12 naga warriors
  13 anacondas
  3 death knights
  6 ironbound frosthearts
  4 ogre magi
  3 alligator snapping turtles
  A merfolk aquamancer (Shoals:4)
  16 death yaks
  5 satyrs
  An alligator (Zig:7)
  2 deep troll shamans
  8 deep troll earth magi
  9 two-headed ogres
  8 vampire magi
  4 hell hogs (Pan)
  A spectral orc (Crypt:3)
  6 tengu warriors
  A titan zombie (Crypt:2)
  9 hell knights
  30 dancing weapons
  4 spriggan berserkers
  8 shock serpents
  A thrashing horror (Abyss:3)
  A shock serpent (shapeshifter) (Vaults:5)
  A storm dragon zombie (Depths:1)
  5 spectral storm dragons (Crypt:3)
  22 naga sharpshooters
  25 soul eaters
  23 deep elf knights
  44 sun demons
  A wretched star (Abyss:3)
  5 spriggans
  2 titan skeletons (Crypt:1)
  8 shadow wraiths
  29 skeletal warriors
  17 sixfirhies
  A spectral bunyip (Crypt:3)
  5 iron trolls
  13 salamander mystics
  2 golden dragon zombies
  11 sea snakes
  2 iron trolls (shapeshifter) (Zig:5)
  A deep troll (shapeshifter) (Vaults:4)
  2 spectral anacondas (Crypt:3)
  3 goliath frogs (Zig:6)
  8 flayed ghosts
  2 spriggan druids
  62 deep trolls
  An anaconda skeleton (Crypt:2)
  11 shadow demons (Pan)
  4 starcursed masses
  2 spriggan simulacra
  4 swamp dragons
  A golden dragon skeleton (Crypt:1)
  14 deep elf archers
  7 bog bodies
  5 orc knights
  6 obsidian statues
  A shadow dragon zombie (Crypt:3)
  15 harpies
  A lindwurm (shapeshifter) (Depths:4)
  11 lindwurms
  20 phantasmal warriors
  A sphinx zombie (Vaults:2)
  7 wizards
  16 ironbound convokers
  A harpy (shapeshifter) (D:14)
  10 necromancers
  3 naga ritualists
  An orange crystal statue (Zig:5)
  A spectral ettin (Crypt:3)
  6 mana vipers
  3 oklob plants
  24 deep elf pyromancers
  3 fire giant zombies
  27 deep elf zephyrmancers
  A wolf spider (D:15)
  10 cyclopes
  A worldbinder (Abyss:3)
  An elephant (shapeshifter) (D:15)
  13 fauns
  A will-o-the-wisp (Zig:6)
  24 ugly things
  25 salamanders
  8 guardian serpents
  16 manticores
  7 shining eyes
  A black mamba (shapeshifter) (Depths:3)
  2 rust devils
  A spectral alligator snapping turtle (Crypt:3)
  2 eyes of devastation
  A sphinx skeleton (Crypt:1)
  5 water nymphs
  15 elephants
  3 centaur zombies
  20 smoke demons
  An eye of devastation (shapeshifter) (D:14)
  12 merfolk sirens
  2 molten gargoyles (Lair:6)
  2 torpor snails
  14 vault sentinels
  A dire elephant zombie (Crypt:2)
  11 cane toads
  2 frost giant skeletons (Depths:2)
  3 gargoyles
  2 ice statues
  47 black mambas
  15 naga magi
  11 orange demons (Pan)
  4 hellions (Pan)
  A torpor snail (shapeshifter) (Vaults:4)
  A dire elephant skeleton (Crypt:2)
  A pale draconian zombie (Crypt:3)
  6 demonic crawlers (Pan)
  5 tormentors (Pan)
  21 tengu conjurers
  9 komodo dragons
  2 ice devils (Depths:4)
  6 rime drakes
  43 yaktaurs
  A black draconian zombie (Crypt:1)
  18 freezing wraiths
  An ancient zyme (Abyss:3)
  A minotaur skeleton (Crypt:2)
  10 hellwings
  32 merfolk
  A meliai (shapeshifter) (Depths:1)
  6 red devils (Pan)
  A harpy zombie (Crypt:2)
  A yaktaur skeleton (Vaults:2)
  2 polar bears (Lair:6)
  3 spectral harpies (Crypt:3)
  5 trolls
  7 hornets
  6 wind drakes
  A tarantella (shapeshifter) (Vaults:5)
  111 slime creatures
  22 blink frogs
  A fire dragon zombie (Crypt:3)
  A wind drake (shapeshifter) (Depths:1)
  A queen bee (shapeshifter) (Vaults:2)
  32 dream sheep
  A human simulacrum (Vaults:2)
  12 snapping turtles
  An alligator zombie (Crypt:3)
  A raiju (Abyss:1)
  A spriggan skeleton (Depths:1)
  An ettin zombie (Crypt:2)
  An ice dragon skeleton (Crypt:1)
  A vampire (D:10)
  A shadow (Crypt:3)
  2 air elementals
  20 ynoxinuls
  12 water elementals
  6 wyverns
  A naga simulacrum (Crypt:3)
  9 wraiths
  8 basilisks
  A human (Elf:1)
  2 fire elementals
  35 chaos spawn
  31 yaks
  A golden eye (Slime:4)
  A basilisk (shapeshifter) (D:15)
  A hog (shapeshifter) (D:15)
  A hog (Orc:2)
  A wind drake skeleton (Crypt:3)
  25 large abominations
  3 steam dragons
  18 neqoxecs
  2 redbacks (Vaults:2)
  5 wargs
  A harpy simulacrum (Crypt:3)
  49 nagas
  An acid dragon (D:14)
  5 hell hounds (Lair:6)
  15 water moccasins
  A merfolk skeleton (Crypt:2)
  2 swamp drakes
  33 orc warriors
  3 black bears
  A sky beast (D:6)
  5 ogres
  An ettin simulacrum (Crypt:3)
  5 boggarts (Vaults:1)
  A black mamba simulacrum (Crypt:3)
  19 wolves
  A small abomination (Abyss:2)
  18 centaurs
  A phantom (D:4)
  3 kobold brigands
  A rime drake skeleton (Crypt:2)
  13 bullfrogs
  A salamander skeleton (Crypt:3)
  4 earth elementals
  3 scorpions
  A gnoll sergeant (D:11)
  2 cane toad simulacra (Lair:1)
  A blink frog simulacrum (Lair:1)
  2 water moccasin skeletons
  12 killer bees (D:9)
  A queen bee zombie (Crypt:2)
  A shapeshifter zombie (Crypt:3)
  8 vampire bats (Bailey)
  13 wights
  4 wolf zombies (Bailey)
  3 electric eels
  6 howler monkeys
  5 lava snakes (Lair:6)
  A quasit (Abyss:1)
  A komodo dragon simulacrum (Lair:1)
  6 hounds
  2 jellies
  9 orc priests
  An iron imp (Abyss:2)
  3 centaur skeletons
  3 iguanas
  12 orc wizards
  A yak simulacrum (Lair:1)
  A bullfrog simulacrum (Lair:1)
  A sky beast zombie (Crypt:1)
  An acid dragon zombie (Crypt:1)
  An acid dragon skeleton (Crypt:1)
  A demigod skeleton (Crypt:2)
  4 howler monkey zombies
  9 adders
  11 gnolls
  A river rat (Sewer)
  A swamp drake skeleton (Crypt:2)
  A shadow imp (D:6)
  2 ufetubi
  A lava snake zombie (Crypt:2)
  A halfling skeleton (Crypt:2)
  4 worms
  51 orcs
  7 endoplasms
  6 giant cockroaches
  12 goblins
  8 hobgoblins
  10 jackals
  16 kobolds
  4 quokkas
  A ball python (D:1)
  A ball python skeleton (Crypt:3)
  4 bats
  4 frilled lizards
  11 orc zombies (Bailey)
  7 rats
  A lurking horror (Abyss:3)
  2 starspawn tentacles (Abyss:3)
  4 tentacles (Shoals:3)
2662 creatures vanquished.

Vanquished Creatures (collateral kills)
  A spriggan (Depths:1)
1 creature vanquished.

Vanquished Creatures (others)
  A deep elf master archer (Pan)
  A stone giant (Pan)
  A lorocyproca (Pan)
  A tengu skeleton (Vaults:2)
  An apocalypse crab (Abyss:3)
  A tengu conjurer (WizLab)
  An orc warrior (Snake:3)
  An orc priest (Snake:3)
  2 orcs (Snake:3)
  26 fungi
  152 plants
  2 starspawn tentacles (Abyss:3)
  9 tentacles (Shoals:3)
199 creatures vanquished.

Grand Total: 2862 creatures vanquished

Notes
Turn   | Place    | Note
-------+----------+-------------------------------------------
     0 | D:1      | RepoMan the Troll Conjurer began the quest for the Orb.
     0 | D:1      | Reached XP level 1. HP: 16/16 MP: 1/1
   192 | D:1      | Found a faded altar of an unknown god.
   301 | D:1      | Reached skill level 1 in Unarmed Combat
   347 | D:1      | Reached XP level 2. HP: 24/24 MP: 0/2
   392 | D:1      | Reached skill level 2 in Unarmed Combat
   854 | D:2      | Reached XP level 3. HP: 24/31 MP: 3/3
   971 | D:2      | Reached skill level 3 in Unarmed Combat
  1127 | D:2      | Reached XP level 4. HP: 39/39 MP: 0/4
  1470 | D:3      | Reached skill level 4 in Unarmed Combat
  1654 | D:3      | Noticed a scorpion
  1750 | D:3      | Killed a scorpion
  1751 | D:3      | Reached skill level 5 in Unarmed Combat
  1751 | D:3      | Reached XP level 5. HP: 31/45 MP: 5/5
  2005 | D:4      | Reached XP level 6. HP: 51/53 MP: 0/6
  2168 | D:4      | Reached skill level 6 in Unarmed Combat
  2239 | D:4      | Found a glowing drain.
  2268 | Sewer    | Entered a sewer
  2595 | D:4      | Learned a level 2 spell: Wereblood
  2899 | D:4      | Reached skill level 1 in Transmutations
  2935 | D:4      | You fall into a shaft and drop 1 floor!
  2935 | D:5      | Entered Level 5 of the Dungeon
  3065 | D:4      | Reached XP level 7. HP: 61/61 MP: 4/7
  3153 | D:4      | Reached skill level 7 in Unarmed Combat
  3427 | D:5      | Reached skill level 1 in Fighting
  4000 | D:5      | Found a staircase to the Ecumenical Temple.
  4009 | Temple   | Entered the Ecumenical Temple
  4050 | Temple   | Became a worshipper of Warmaster Okawaru
  4237 | D:5      | Reached skill level 8 in Unarmed Combat
  4237 | D:5      | Reached XP level 8. HP: 46/72 MP: 6/9
  4548 | D:6      | Noticed a manticore
  4572 | D:7      | Noticed a two-headed ogre
  4574 | D:7      | Noticed a blink frog
  4574 | D:7      | a two-headed ogre changed into a blink frog
  4596 | D:7      | Reached * piety under Okawaru
  4635 | D:7      | Reached skill level 1 in Invocations
  4685 | D:7      | Found a flagged portal.
  4692 | Bailey   | Entered a bailey
  4842 | Bailey   | Reached skill level 9 in Unarmed Combat
  4904 | Bailey   | Reached ** piety under Okawaru
  4930 | Bailey   | Reached XP level 9. HP: 75/84 MP: 11/11
  5002 | Bailey   | Noticed a gargoyle
  5344 | D:7      | Reached skill level 10 in Unarmed Combat
  5629 | D:7      | Learned a level 2 spell: Blink
  5946 | D:8      | Reached *** piety under Okawaru
  5968 | D:7      | Reached skill level 1 in Translocations
  6143 | D:8      | Noticed Gastronok
  6504 | D:9      | Noticed a troll
  6512 | D:9      | Killed a troll
  6583 | D:9      | Reached skill level 11 in Unarmed Combat
  6606 | D:9      | Reached **** piety under Okawaru
  6645 | D:9      | Reached XP level 10. HP: 91/92 MP: 5/12
  6711 | D:9      | Found a glowing golden altar of the Shining One.
  6713 | D:9      | Noticed a centaur warrior
  6723 | D:9      | Killed a centaur warrior
  6724 | D:9      | Reached skill level 5 in Fighting
  6930 | D:9      | Identified the +2 whip of the Reaper {vorpal, rPois rF+}
  7106 | D:9      | Found a staircase to the Lair.
  7397 | D:10     | Entered Level 10 of the Dungeon
  7405 | D:10     | Found the amulet of Vitality {Regen+ HP+15}
  7474 | D:10     | Noticed a two-headed ogre
  7483 | D:10     | Noticed Harold
  7486 | D:10     | Killed a two-headed ogre
  7486 | D:10     | Reached ***** piety under Okawaru
  7486 | D:10     | Received a gift from Okawaru
  7498 | D:10     | Killed Harold
  7498 | D:10     | Identified the +2 cloak of the Apothecary {Stlth+} (Okawaru
                  | gifted it to you on level 10 of the Dungeon)
  7498 | D:10     | Received a gift from Okawaru
  7499 | D:10     | Reached skill level 12 in Unarmed Combat
  7745 | D:10     | Noticed a two-headed ogre
  7749 | D:10     | Killed a two-headed ogre
  7823 | D:10     | Found Fuempu's Island Escapes.
  8068 | Lair:1   | Entered Level 1 of the Lair of Beasts
  8103 | Lair:1   | Noticed a cane toad
  8113 | Lair:1   | Killed a cane toad
  8114 | Lair:1   | Reached XP level 11. HP: 105/105 MP: 13/13
  8229 | Lair:1   | Noticed a four-headed hydra
  8419 | D:11     | Reached skill level 5 in Dodging
  8727 | D:11     | Found Sivvugei's Weapon Boutique.
  9060 | D:11     | Noticed a two-headed ogre
  9081 | D:11     | Killed a two-headed ogre
  9082 | D:11     | Reached skill level 13 in Unarmed Combat
  9420 | D:12     | Reached skill level 5 in Invocations
  9813 | D:12     | Noticed a skeletal warrior
  9840 | D:12     | Killed a skeletal warrior
  9961 | D:12     | Noticed a skeletal warrior
 10023 | D:12     | Killed a skeletal warrior
 10083 | D:12     | Noticed a two-headed ogre
 10107 | D:12     | Killed a two-headed ogre
 10143 | D:12     | Found a staircase to the Orcish Mines.
 10707 | D:12     | Noticed a skeletal warrior
 10720 | D:12     | Killed a skeletal warrior
 10842 | Orc:1    | Entered Level 1 of the Orcish Mines
 10966 | Orc:2    | Entered Level 2 of the Orcish Mines
 10966 | Orc:2    | Noticed Sonja
 10968 | Orc:2    | Noticed Sonja
 10968 | Orc:2    | Sonja changed into Sonja the hog
 10974 | Orc:2    | Killed Sonja the hog
 10974 | Orc:2    | Received a gift from Okawaru
 11007 | Orc:2    | Found a staircase to the Elven Halls.
 11119 | Orc:1    | Reached XP level 12. HP: 118/118 MP: 11/15
 11317 | Orc:1    | Found a large runed translucent door.
 11317 | Orc:1    | Found a large runed translucent door.
 11318 | Orc:1    | Noticed Tali's ghost (journeyman DsBe)
 11625 | Orc:2    | Found Vurecvuch's Overcharged Wands.
 11696 | Orc:2    | Reached skill level 14 in Unarmed Combat
 12137 | Orc:2    | Found Asij's Book Shoppe.
 12137 | Orc:2    | Found Fucoore's Antique Armour Shop.
 12139 | Orc:2    | Found Bofink's General Store.
 12141 | Orc:2    | Found Nadyzax's Antique Armour Emporium.
 12151 | Orc:2    | Bought a scroll of identify for 34 gold pieces
 12151 | Orc:2    | Bought 2 potions of invisibility for 272 gold pieces
 12419 | Orc:2    | Noticed a centaur warrior
 12436 | Orc:2    | Killed a centaur warrior
 12821 | Lair:1   | Noticed an ice dragon
 12822 | Lair:1   | Noticed CryoSword's ghost (journeyman GnWn)
 13001 | Lair:1   | Found a runed translucent gate.
 13001 | Lair:1   | Found a runed translucent gate.
 13001 | Lair:1   | Found a runed translucent gate.
 13065 | Lair:1   | You fall into a shaft and drop 1 floor!
 13103 | Lair:2   | Received a gift from Okawaru
 13234 | Lair:1   | Killed a four-headed hydra
 13679 | Lair:2   | Noticed a death yak
 13759 | Lair:2   | Reached ****** piety under Okawaru
 13874 | Lair:2   | Noticed a five-headed hydra
 13897 | Lair:2   | Killed a five-headed hydra
 13898 | Lair:2   | Reached skill level 15 in Unarmed Combat
 13898 | Lair:2   | Reached XP level 13. HP: 127/127 MP: 17/17
 13967 | Lair:2   | Found a staircase to the Snake Pit.
 14178 | Lair:2   | Received a gift from Okawaru
 14809 | Lair:3   | Found a staircase to the Shoals.
 15250 | Lair:3   | Reached skill level 16 in Unarmed Combat
 15279 | Lair:3   | Found the +8 whip "Snakebite" {venom, curare, rPois}
 15433 | Lair:3   | Received a gift from Okawaru
 15931 | Lair:3   | Received a gift from Okawaru
 16397 | Lair:4   | Reached XP level 14. HP: 106/140 MP: 14/19
 16725 | Lair:4   | Reached skill level 17 in Unarmed Combat
 17762 | Lair:5   | Found a viscous altar of Jiyva.
 17762 | Lair:5   | Found a staircase to the Slime Pits.
 17787 | Lair:6   | Entered Level 6 of the Lair of Beasts
 18004 | Lair:6   | Received a gift from Okawaru
 18158 | Lair:6   | Reached skill level 10 in Fighting
 18240 | Lair:6   | Identified the +8 scimitar "Tysef" {vorpal, Dex+4} (Okawaru
                  | gifted it to you on level 6 of the Lair of Beasts)
 18240 | Lair:6   | Received a gift from Okawaru
 18384 | Lair:6   | Reached skill level 18 in Unarmed Combat
 18805 | Lair:6   | Found a large runed translucent door.
 18806 | Lair:6   | Found a large runed translucent door.
 20312 | D:8      | Killed Gastronok
 20392 | D:10     | Bought a scroll of blinking for 97 gold pieces
 20392 | D:10     | Bought a scroll of teleportation for 39 gold pieces
 20392 | D:10     | Bought a potion of invisibility for 104 gold pieces
 20392 | D:10     | Bought a scroll of teleportation for 39 gold pieces
 20392 | D:10     | Bought a scroll of teleportation for 39 gold pieces
 20392 | D:10     | Bought a ring of flight for 227 gold pieces
 20392 | D:10     | Bought a scroll of blinking for 97 gold pieces
 20510 | D:13     | Received a gift from Okawaru
 20719 | D:13     | Reached XP level 15. HP: 152/152 MP: 20/20
 20786 | D:13     | Found a gate to the Vaults.
 20791 | D:13     | Reached skill level 19 in Unarmed Combat
 21020 | D:13     | Noticed Erolcha
 21032 | D:13     | Killed Erolcha
 21654 | D:14     | Learned a level 3 spell: Lesser Beckoning
 21658 | D:14     | Learned a level 3 spell: Ignite Poison
 21728 | Orc:2    | Bought a book of Vapours for 192 gold pieces
 21731 | Orc:2    | Learned a level 2 spell: Poisonous Vapours
 22382 | D:15     | Entered Level 15 of the Dungeon
 22580 | D:15     | Received a gift from Okawaru
 22676 | D:15     | Reached skill level 1 in Air Magic
 23016 | D:15     | Paralysed by a hornet for 2 turns
 23226 | D:15     | Found a staircase to the Depths.
 23676 | Snake:1  | Entered Level 1 of the Snake Pit
 23818 | Snake:1  | Identified the +0 hat "Oghaer" {+Inv Int+2} (Okawaru gifted
                  | it to you on level 1 of the Snake Pit)
 23818 | Snake:1  | Received a gift from Okawaru
 23873 | Snake:1  | Learned a level 2 spell: Corpse Rot
 24191 | Arena    | Entered the Arena
 24253 | Snake:1  | Reached skill level 20 in Unarmed Combat
 24289 | Snake:1  | Reached skill level 1 in Fire Magic
 24289 | Snake:1  | Reached skill level 1 in Poison Magic
 24707 | Snake:1  | Identified the +2 robe of Qexiuseje {Harm rCorr Int+4
                  | Dex-3}
 24747 | Snake:1  | Reached XP level 16. HP: 148/165 MP: 21/21
 25588 | Snake:2  | Received a gift from Okawaru
 26055 | Snake:2  | Reached skill level 5 in Transmutations
 26078 | Snake:2  | Found Jotofite's Magic Scroll Emporium.
 26086 | Snake:2  | Noticed Aizul
 26105 | Snake:2  | Killed Aizul
 26112 | Snake:2  | Bought a scroll of identify for 30 gold pieces
 26112 | Snake:2  | Bought a scroll of teleportation for 45 gold pieces
 26112 | Snake:2  | Bought a scroll of fear for 52 gold pieces
 26112 | Snake:2  | Bought a scroll of teleportation for 45 gold pieces
 26112 | Snake:2  | Bought a scroll of blinking for 112 gold pieces
 26547 | Snake:3  | Noticed Mara
 26560 | Snake:3  | Noticed RepoMan's illusion
 26568 | Snake:3  | Killed Mara
 26906 | Snake:3  | Noticed Saint Roka
 26939 | Snake:3  | Killed Saint Roka
 26942 | Snake:3  | Received a gift from Okawaru
 27151 | Snake:3  | Identified the +12 hunting sling "Bexta" {flame, Int+4}
 27266 | Snake:3  | Reached skill level 10 in Invocations
 27469 | Snake:3  | Reached skill level 21 in Unarmed Combat
 27813 | Snake:4  | Entered Level 4 of the Snake Pit
 28351 | Snake:4  | Noticed Mlioglotl
 28364 | Arena    | Entered the Arena
 28380 | Arena    | Killed Mlioglotl
 28482 | Snake:4  | Reached XP level 17. HP: 175/175 MP: 12/23
 28560 | Snake:4  | Received a gift from Okawaru
 28993 | Snake:4  | Found Vutuyjel's Self-Improvement Boutique.
 29347 | Snake:4  | Reached skill level 22 in Unarmed Combat
 29442 | Snake:4  | Received a gift from Okawaru
 29670 | Snake:4  | Got a serpentine rune of Zot
 30127 | Shoals:1 | Entered Level 1 of the Shoals
 30692 | Shoals:1 | Noticed Louise
 30764 | Arena    | Entered the Arena
 31075 | Arena    | Entered the Arena
 31389 | Shoals:2 | Reached skill level 23 in Unarmed Combat
 32172 | Arena    | Entered the Arena
 32181 | Arena    | Reached XP level 18. HP: 146/188 MP: 17/24
 32396 | Shoals:3 | Reached skill level 1 in Throwing
 32546 | Shoals:3 | Received a gift from Okawaru
 32589 | Shoals:3 | Got Mavyac's Collected Works on Hurtful Evil Rituals
 33152 | Shoals:4 | Entered Level 4 of the Shoals
 33634 | Shoals:4 | Identified the +5 short sword of Supply {vorpal, Str+7
                  | Dex+3}
 34124 | Arena    | Entered the Arena
 34512 | Shoals:4 | Identified the +3 spear "Bucoutev" {protect, *Slow Dex+3
                  | Stlth+}
 35341 | Shoals:4 | Got a barnacled rune of Zot
 35538 | Lair:1   | Identified the +2 cloak of Tiru Pish {-Cast rElec Regen+
                  | Str+6} (Okawaru gifted it to you on level 1 of the Lair of
                  | Beasts)
 35538 | Lair:1   | Received a gift from Okawaru
 35661 | Shoals:1 | Killed Louise
 36002 | Elf:1    | Entered Level 1 of the Elven Halls
 36046 | Elf:1    | Found a flickering gateway to a bazaar.
 36051 | Bazaar   | Entered a bazaar
 36069 | Bazaar   | Found Suizith's Assorted Antiques.
 36069 | Bazaar   | Found Migau's Magic Scroll Shoppe.
 36091 | Bazaar   | Found Hiaplo's Weapon Emporium.
 36113 | Bazaar   | Found Zuwyugra's Antique Armour Shoppe.
 36193 | Bazaar   | Bought a scroll of fog for 14 gold pieces
 36193 | Bazaar   | Bought a scroll of fear for 24 gold pieces
 36193 | Bazaar   | Bought a scroll of blinking for 52 gold pieces
 36204 | Bazaar   | Bought a scroll of teleportation for 21 gold pieces
 36204 | Bazaar   | Bought a scroll of silence for 52 gold pieces
 36204 | Bazaar   | Bought a scroll of holy word for 52 gold pieces
 36214 | Bazaar   | Bought a scroll of fear for 105 gold pieces
 36214 | Bazaar   | Bought a potion of heal wounds for 150 gold pieces
 36309 | Elf:1    | Noticed Donald
 36327 | Elf:1    | Killed Donald
 36419 | Elf:1    | Reached skill level 24 in Unarmed Combat
 36599 | Elf:1    | Found Yzusab's Weapon Boutique.
 37200 | Elf:2    | Paralysed by an air elemental for 1 turns
 37247 | Elf:2    | Found a magical portal.
 37301 | WizLab   | Entered Iskenderun's Mystic Tower
 37904 | WizLab   | Reached XP level 19. HP: 191/198 MP: 22/25
 37967 | WizLab   | Got the Almanac of Glacial Bewitchment
 37978 | WizLab   | Got Iskenderun's Guide on Confrontation
 37978 | WizLab   | Got Iskenderun's Collected Works on Confrontation
 38115 | WizLab   | Received a gift from Okawaru
 38752 | Elf:2    | Found a runed translucent gate.
 38752 | Elf:2    | Found a runed translucent gate.
 38752 | Elf:2    | Found a runed translucent gate.
 38845 | Arena    | Entered the Arena
 39346 | Elf:2    | Noticed Jorgrun
 39532 | Elf:2    | Killed Jorgrun
 39533 | Elf:2    | Reached skill level 15 in Fighting
 39995 | Elf:3    | Entered Level 3 of the Elven Halls
 40117 | Elf:3    | Found Sarefylo's Distillery.
 40133 | Elf:3    | Bought a potion of curing for 51 gold pieces
 40133 | Elf:3    | Bought a potion of might for 68 gold pieces
 40137 | Elf:3    | Paralysed by an air elemental for 1 turns
 40227 | Elf:3    | Reached skill level 25 in Unarmed Combat
 40302 | Elf:3    | Identified the +0 plate armour "Kialajist" {Dex+4}
 41048 | Elf:3    | Noticed a Brimstone Fiend
 41048 | Arena    | Entered the Arena
 41074 | Elf:3    | Identified the +9 demon blade of Defilement {pain, rElec
                  | rC- Str+5 Int+3}
 41074 | Elf:3    | Identified the +0 leather armour "Gogyfach" {Rampage rC+
                  | Will- Str+4}
 41074 | Elf:3    | Found the +5 scythe "Finisher" {speed, eviscerate}
 41078 | Elf:3    | Reached skill level 10 in Dodging
 41102 | Elf:3    | Identified the +7 shortbow of Wounding {flame, Fragile
                  | rElec Int+8 SInv}
 41107 | Elf:3    | Got the Reference Book on Virous Lightness
 41109 | Elf:3    | Identified the +10 hand axe of Jagguzit {vamp, Dex+3}
 41110 | Elf:3    | Identified the +2 mace of Moral Flaws {flame, rElec rPois
                  | rN+ Int-2}
 41115 | Elf:3    | Identified the +1 scale mail of Elitism {+Blink rN+ Dex+7
                  | Stlth-}
 41124 | Elf:3    | Identified the +8 trident of Xuvapp {vamp, rPois rC+ Dex-2}
 41130 | Elf:3    | Identified the +10 morningstar "Demonslayer" {vorpal, rPois
                  | rF++ Str+3 Dex-4}
 41223 | Elf:3    | Identified the +4 kite shield "Fiseaxel" {Rampage Int+7}
                  | (Okawaru gifted it to you on level 3 of the Elven Halls)
 41223 | Elf:3    | Received a gift from Okawaru
 41340 | Elf:3    | Identified the +11 fustibalus "Giyl Oka" {vorpal, rCorr
                  | Dex+2 Stlth-}
 41836 | Snake:4  | Bought a manual of Fighting for 1360 gold pieces
 42128 | Vaults:1 | Entered Level 1 of the Vaults
 42471 | Vaults:1 | Reached XP level 20. HP: 180/211 MP: 26/26
 43022 | Vaults:1 | Found Corur's Book Emporium.
 43655 | Vaults:2 | Identified the -4 hat "Doty" {Rampage Fly Int+2} (Okawaru
                  | gifted it to you on level 2 of the Vaults)
 43655 | Vaults:2 | Received a gift from Okawaru
 43837 | Arena    | Entered the Arena
 44313 | Vaults:2 | Reached skill level 5 in Air Magic
 44437 | Vaults:2 | Found a staircase to the Crypt.
 44575 | Vaults:2 | Received a gift from Okawaru
 45015 | Vaults:2 | Identified the amulet "Zochibux" {Faith +Inv rF+ rN+}
 45136 | Vaults:2 | Reached XP level 21. HP: 181/223 MP: 27/27
 45257 | Vaults:2 | Got Moplosuf's Handbook of Translocation and Toxins
 45449 | Vaults:3 | Found a gateway to a bazaar.
 45463 | Bazaar   | Entered a bazaar
 45463 | Bazaar   | Found Ysostrih's Magic Scroll Shoppe.
 45463 | Bazaar   | Found Xauhonaf's Book Emporium.
 45467 | Bazaar   | Found Roaph's Armour Emporium.
 45481 | Bazaar   | Found Vewir's Magic Scroll Shoppe.
 45486 | Bazaar   | Bought a scroll of blinking for 67 gold pieces
 45688 | Vaults:3 | Identified the ring "Xucs" {rPois rN+ Dex-4 SInv}
 45795 | Vaults:3 | Learned a level 3 spell: Swiftness
 46393 | Vaults:3 | Reached skill level 5 in Spellcasting
 46540 | Vaults:3 | Received a gift from Okawaru
 46853 | Vaults:4 | Noticed Xtahua
 46867 | Vaults:4 | Killed Xtahua
 46868 | Vaults:4 | Reached skill level 26 in Unarmed Combat
 47100 | Vaults:4 | Noticed Bai Suzhen
 47106 | Vaults:4 | Killed Bai Suzhen
 47299 | Arena    | Entered the Arena
 48334 | Lair:1   | Killed CryoSword's ghost
 48344 | Lair:1   | Identified the +0 hat of Raixt {+Blink Regen+ Str+9 Int-4}
                  | (Okawaru gifted it to you on level 1 of the Lair of Beasts)
 48344 | Lair:1   | Received a gift from Okawaru
 48407 | Lair:1   | Got the ring of Caluvahu {Fire rElec rPois Str+4 Stlth-}
 48444 | Lair:1   | Learned a level 7 spell: Storm Form
 48657 | Crypt:1  | Entered Level 1 of the Crypt
 48958 | Crypt:1  | Reached XP level 22. HP: 236/236 MP: 24/29
 49065 | Crypt:1  | Noticed Margery
 49207 | Crypt:1  | Killed Margery
 49791 | Depths:1 | Entered Level 1 of the Depths
 50059 | Arena    | Entered the Arena
 50115 | Depths:1 | Found Uruthre's Assorted Antiques.
 50612 | Depths:1 | Found a gateway to Hell.
 50788 | Depths:1 | Found a shimmering blue altar of Sif Muna.
 51571 | Depths:2 | Found a one-way gate leading to the halls of Pandemonium.
 52342 | Depths:3 | Found Isacesmo's Book Shop.
 52343 | Depths:3 | Found Evouffaw's Jewellery Shoppe.
 52345 | Depths:3 | Found Tyuciw's Book Shop.
 52584 | Depths:3 | Received a gift from Okawaru
 52966 | Snake:4  | Bought a manual of Fighting for 1360 gold pieces
 53357 | Depths:3 | Noticed a caustic shrike
 53388 | Arena    | Entered the Arena
 53394 | Arena    | Killed a caustic shrike
 53591 | Depths:3 | Noticed a golden dragon
 53598 | Depths:3 | Killed a golden dragon
 53643 | Depths:3 | Found a broken altar of Ashenzari.
 53742 | Depths:3 | Found a one-way gate to the infinite horrors of the Abyss.
 54410 | Depths:3 | Found a one-way gateway to a ziggurat.
 54657 | Depths:4 | Entered Level 4 of the Depths
 54824 | Depths:3 | Identified the +2 hat of Lifelessness {rF++} (Okawaru
                  | gifted it to you on level 3 of the Depths)
 54824 | Depths:3 | Received a gift from Okawaru
 54861 | Depths:4 | Reached XP level 23. HP: 213/249 MP: 24/32
 55177 | Depths:4 | Reached skill level 10 in Transmutations
 55541 | Depths:4 | Found a gate to the Realm of Zot.
 55749 | Depths:4 | Found a sacrificial altar of Ru.
 56369 | Orc:1    | Killed Tali's ghost
 56583 | Vaults:5 | Entered Level 5 of the Vaults
 56648 | Arena    | Entered the Arena
 56824 | Vaults:4 | Reached skill level 10 in Air Magic
 57802 | Vaults:5 | Identified the +10 hand crossbow "Posch" {freeze, rPois
                  | Will+ Str-4 Int+8}
 57802 | Vaults:5 | Identified the ring "Heidatt" {rPois rN+ Dex+6}
 57953 | Vaults:5 | Identified the +5 mace of the Cup {vorpal, rPois}
 57966 | Vaults:5 | Got the Tome of Harmful Dislocation
 58021 | Vaults:5 | Found Ellal's General Store.
 58025 | Vaults:5 | Identified the +1 hunting sling of Wisdom {flame, +Blink
                  | rF- MP+9} (Okawaru gifted it to you on level 5 of the
                  | Vaults)
 58025 | Vaults:5 | Received a gift from Okawaru
 58043 | Vaults:5 | Bought a scroll of fog for 42 gold pieces
 59119 | Vaults:5 | Identified the +1 robe "Xeguad" {Str+7}
 59205 | Vaults:5 | Reached XP level 24. HP: 232/266 MP: 25/33
 59276 | Vaults:5 | Got a silver rune of Zot
 59315 | Vaults:5 | Identified the +5 war axe of the Feather {venom, Int+4}
 59555 | Vaults:5 | Learned a level 5 spell: Irradiate
 59967 | Crypt:1  | Received a gift from Okawaru
 60142 | Crypt:2  | Reached skill level 27 in Unarmed Combat
 61395 | Crypt:3  | Entered Level 3 of the Crypt
 61474 | Crypt:3  | Found a staircase to the Tomb.
 61777 | Crypt:3  | Received a gift from Okawaru
 61950 | Crypt:3  | Learned a level 4 spell: Olgreb's Toxic Radiance
 61985 | Crypt:3  | Got the Guide on Evil
 62423 | Crypt:3  | Identified the +5 quarterstaff "Qeefrusk" {flame, Str+3
                  | Int+6} (Okawaru gifted it to you on level 3 of the Crypt)
 62423 | Crypt:3  | Received a gift from Okawaru
 62619 | Crypt:3  | Identified the +9 rapier of the Pyrrhic Victory {holy,
                  | Dex+2}
 62632 | Crypt:3  | Identified the +2 battleaxe of Brawling {spect, Int+4
                  | Stlth+}
 62848 | Vaults:1 | Bought a book of the Senses for 704 gold pieces
 62854 | Vaults:1 | Learned a level 5 spell: Silence
 63171 | Slime:1  | Entered Level 1 of the Pits of Slime
 63259 | Slime:1  | Gained mutation: Your body sometimes deteriorates upon
                  | taking damage. [a shining eye]
 63268 | Slime:1  | Paralysed by a great orb of eyes for 3 turns
 63345 | Slime:2  | Gained mutation: You tend to lose your temper in combat. [a
                  | shining eye]
 63404 | Slime:2  | Lost mutation: You tend to lose your temper in combat.
                  | [potion of mutation]
 63404 | Slime:2  | Lost mutation: Your body sometimes deteriorates upon taking
                  | damage. [potion of mutation]
 63404 | Slime:2  | Gained mutation: You are partially covered in iridescent
                  | scales. (AC +2) [potion of mutation]
 63411 | Slime:3  | Noticed Dissolution
 63416 | Slime:3  | Killed Dissolution
 63418 | Slime:3  | Found a viscous altar of Jiyva.
 63570 | Slime:4  | Reached XP level 25. HP: 278/278 MP: 34/34
 63586 | Slime:4  | Identified the +1 acid dragon scales "Zizxer" {*Slow rPois
                  | rN++ rCorr SInv} (Okawaru gifted it to you on level 4 of
                  | the Pits of Slime)
 63586 | Slime:4  | Received a gift from Okawaru
 63662 | Slime:4  | Gained mutation: You are frail. (-10% HP) [a shining eye]
 63945 | Slime:3  | You are sucked into a shaft and drop 1 floor!
 64128 | Slime:5  | Entered Level 5 of the Pits of Slime
 64411 | Slime:4  | Learned a level 1 spell: Apportation
 64454 | Slime:5  | Noticed the Royal Jelly
 64455 | Slime:5  | Found a viscous altar of Jiyva.
 64462 | Slime:5  | Killed the Royal Jelly
 64485 | Slime:5  | Found the +14 obsidian axe {vorpal, Mesm Drain Fly SInv}
 64489 | Slime:5  | Got a slimy rune of Zot
 64498 | Slime:5  | Identified the amulet of Qaxkepai {Reflect rPois rC- Dex+2
                  | SH+5 SInv}
 64528 | Slime:5  | Identified the ring of Ysuoptofy {*Corrode rF++ rC+ AC+4
                  | Int+4}
 64546 | Slime:5  | Found the +7 great mace "Firestarter" {inner flame, rF++}
 64566 | Slime:5  | Identified the ring of the Final Decision {rPois Int-3
                  | Slay+4 Stlth+}
 65038 | Zig:1    | Entered Level 1 of a ziggurat
 65038 | Zig:1    | Noticed a Killer Klown
 65042 | Zig:1    | Killed a Killer Klown
 65058 | Zig:2    | Entered Level 2 of a ziggurat
 65077 | Zig:3    | Entered Level 3 of a ziggurat
 65129 | Zig:4    | Entered Level 4 of a ziggurat
 65158 | Zig:5    | Entered Level 5 of a ziggurat
 65158 | Zig:5    | Noticed a Killer Klown
 65158 | Zig:5    | Found the +7 sceptre of Torment {pain, torment}
 65162 | Zig:5    | Killed a Killer Klown
 65183 | Zig:5    | Identified the +7 hand axe of Urgency {protect, rCorr
                  | Int+5}
 65188 | Zig:5    | Identified the +3 halberd of Ignis's Indignation {flame,
                  | MP+9 Str+4 Int+3}
 65204 | Zig:6    | Entered Level 6 of a ziggurat
 65226 | Zig:7    | Entered Level 7 of a ziggurat
 65273 | Zig:7    | Identified the ring "Bethrar" {Ice *Slow Dex+3 Slay+6}
 65276 | Zig:7    | Identified the ring of the Good {Int+2 Dex+2 SInv}
 65294 | Zig:8    | Entered Level 8 of a ziggurat
 65313 | Zig:8    | Received a gift from Okawaru
 65350 | Zig:8    | Identified the amulet of Fateschask {RegenMP +Blink Int+6
                  | Dex+2}
 65356 | Zig:8    | Identified the +6 battleaxe of Fatook {vorpal, rN+ Int+5}
 65357 | Zig:8    | Identified the +7 battleaxe "Oridghe" {pain, Drain rF-
                  | rN+++ rCorr}
 65358 | Zig:8    | Identified the +7 mace "Taovom" {venom, rPois rN+ MP+9
                  | Int-5}
 65400 | Zig:9    | Entered Level 9 of a ziggurat
 65439 | Zig:9    | Identified the ring of Equivalence {Will- Int+2 Dex+5
                  | Slay+4}
 65460 | Zig:9    | Reached XP level 26. HP: 235/259 MP: 35/35
 65503 | Zig:10   | Entered Level 10 of a ziggurat
 65545 | Zig:10   | Identified the +9 mace of Plog {venom, rElec rCorr Int-4}
 65568 | Zig:10   | Identified the +8 flail of the Tired Lies {venom, Dex+4}
 65721 | Pan      | Entered Pandemonium
 65941 | Pan      | Noticed Mostyi the pandemonium lord
 65950 | Pan      | Killed Mostyi the pandemonium lord
 65950 | Pan      | Received a gift from Okawaru
 66002 | Depths:2 | Escaped Pandemonium
 66076 | Pan      | Entered Pandemonium
 66081 | Pan      | Identified the +1 leather armour of Weightlessness {+Inv
                  | Fly rPois Dex-5}
 66165 | Pan      | Reached skill level 10 in Spellcasting
 66211 | Pan      | Identified a scroll of acquirement
 66303 | Pan      | Acquired a book of Lightning
 66320 | Pan      | Learned a level 8 spell: Maxwell's Capacitive Coupling
 66405 | Pan      | Reached XP level 27. HP: 136/256 MP: 2/36
 66423 | Pan      | Gained mutation: Your body sometimes deteriorates upon
                  | taking damage. [a neqoxec]
 66547 | Pan      | Found an exit through the horrors of the Abyss.
 66700 | Pan      | Noticed Anlu Izyth the pandemonium lord
 66708 | Pan      | Killed Anlu Izyth the pandemonium lord
 66776 | Pan      | Reached skill level 15 in Air Magic
 66796 | Pan      | Found a runed translucent door.
 66806 | Pan      | Got a demonic rune of Zot
 67010 | Pan      | Took an exit into the Abyss.
 67010 | Abyss:1  | Escaped into the Abyss
 67010 | Abyss:1  | Found a corrupted altar of Lugonu.
 67076 | Abyss:2  | Found a corrupted altar of Lugonu.
 67148 | Abyss:3  | Found a corrupted altar of Lugonu.
 67159 | Abyss:3  | Got an abyssal rune of Zot
 67228 | Depths:2 | Escaped the Abyss
 67561 | Temple   | Fell from the grace of Okawaru
 67561 | Temple   | Became a worshipper of Dithmenos the Shadowed
 67895 | Pan      | Entered Pandemonium
 68036 | Pan      | Noticed Haodwer the pandemonium lord
 68044 | Pan      | Killed Haodwer the pandemonium lord
 68244 | Pan      | Reached * piety under Dithmenos
 69158 | Pan      | Reached ** piety under Dithmenos
 69305 | Pan      | Identified the +9 long sword of the Singing Fox {chaos,
                  | Will+ Int+2}
 69317 | Depths:2 | Escaped Pandemonium
 69648 | Vaults:5 | Got Filug's Reference Book on the Entourage and Lightness
 69961 | Pan      | Entered Pandemonium
 69963 | Pan      | Noticed Tuhyro the pandemonium lord
 69974 | Pan      | Killed Tuhyro the pandemonium lord
 70269 | Pan      | Reached *** piety under Dithmenos
 70874 | Pan      | Noticed Figyo the pandemonium lord
 70894 | Pan      | Killed Figyo the pandemonium lord
 70899 | Pan      | Reached **** piety under Dithmenos
 71051 | Pan      | Found an exit through the horrors of the Abyss.
 71424 | Pan      | Gained mutation: You have an increased reservoir of magic.
                  | (+10% MP) [a neqoxec]
 71947 | Pan      | Reached ***** piety under Dithmenos
 72332 | Pan      | Found an exit through the horrors of the Abyss.
 72767 | Pan      | Identified the +1 leather armour "Hotodyuck" {Will+ MP+9
                  | Int-5}
 73089 | Pan      | Found an exit through the horrors of the Abyss.
 73169 | Pan      | Identified the amulet of Stoicism {Spirit +Inv Dex+4}
 73186 | Pan      | HP: 7/284 [fire giant/+0 great sword of flaming[the fury of
                  | Okawaru] (13)]
 73187 | Pan      | HP: 3/426 [fire giant/+0 great sword of flaming[the fury of
                  | Okawaru] (11)]
 73187 | Pan      | Slain by a fire giant

Illustrated notes

Levels and vault maps discovered:
D:1:      tarquinn_simple_flora_water_c, layout_loops_ring,
          chequers_ecumenical_altar_simple_redux
D:2:      layout_basic, amethyst_killhole, minmay_between
D:3:      layout_rooms
D:4:      layout_basic, cheibrodos_sewer_entry_bend, hangedman_minor_gate_pass
D:5:      layout_loops_cross, minmay_temple_entry_mist, minivault_23
D:6:      layout_loops_corners
D:7:      layout_basic, enter_bailey_3, chequers_serial_rivers_micro_e,
          hangedman_decor_diamond_cutter
D:8:      layout_loops_cross, uniq_gastronok
D:9:      layout_rooms, mainiacjoe_overflow_alcove_2, lair_entry_dummy,
          chequers_serial_rivers_room_b
D:10:     layout_basic, serial_glass, glass_columns_b, glass_columns_c,
          nicolae_island_escapes, uniq_harold
D:11:     layout_cave_pods, serial_shops, shop
D:12:     layout_layer_cave, orc_0_dummy
D:13:     layout_loops_cross, david_vaults_5, st_stairs_14, uniq_erolcha
D:14:     layout_cave_pools, solitary_fountain
D:15:     grunt_enter_depths_giant_problem, layout_basic, serial_bayou,
          serial_bayou_crossing, serial_bayou_pond_c, serial_bayou_pond_a,
          serial_bayou_pond_b, serial_bayou_pond_a
Temple:   kilobyte_greek_temple
Lair:1:   dpeg_oklob_gauntlet, layout_regular_city, gammafunk_ghost_icy,
          minivault_11, fungi_pond_lemuel
Lair:2:   layout_gridlike, guppyfry_snake_entry_garden
Lair:3:   minmay_guarded_unrand_snakebite, layout_small_grid,
          elwin_shoals_entry_stream, serial_bayou_shore_a, grunt_megastairs_2
Lair:4:   layout_loops_ring
Lair:5:   layout_gridlike, dpeg_slime_entry_enclosed_altar, st_stairs_9,
          nicolae_lair_lindhole
Lair:6:   cheibrodos_lair_end_hotspot, layout_misc_corridors,
          small_statue_intersection
Shoals:1: layout_shoals, nicolae_shoals_secluded_bog, uniq_louise
Shoals:2: layout_shoals, overgrown_hall
Shoals:3: layout_shoals, nicolae_shoals_kraken_intersection
Shoals:4: shoals_end_grunt_ice, layout_shoals
Snake:1:  layout_honeycomb, grunt_ministairs_4, nicolae_snake_lava_pool
Snake:2:  layout_gridlike, serial_shops, shop, grunt_megastairs_5, uniq_aizul
Snake:3:  layout_onion_interference, hangedman_venom_bottle, uniq_mara,
          uniq_saint_roka
Snake:4:  grunt_snake_rune_pools, layout_layer_cave, nicolae_shop_self_help,
          serial_bayou_shore_b, uniq_mlioglotl
Slime:1:  layout_caves
Slime:2:  layout_caves
Slime:3:  layout_caves, basic_altar, dissolution_awaits
Slime:4:  layout_caves, nicolae_slime_round_cave
Slime:5
Orc:1:    layout_caves, ebering_ghost_disaster_area
Orc:2:    st_orc_rangers, layout_diamond_mine, nicolae_shop_overcharged_wands,
          uniq_sonja
Elf:1:    layout_geoelf_diagonals, serial_shops, bzr_entry_customers,
          nicolae_shop_bloodbath_and_beyond, minmay_elf_demonology, uniq_donald
Elf:2:    nicolae_elf_blades_crystal_corner, layout_loops_corners,
          infiniplex_enter_wizlab_water, uniq_jorgrun
Elf:3:    elf_hall, layout_geoelf_castle, serial_shops, shop
Vaults:1: v_misc_11, v_misc_22, layout_vaults_omnigrid, serial_shops,
          nicolae_shop_competitors_out_of_business
Vaults:2: minmay_crypt_entry_simple_sparse, dpeg_vaults_monster_row,
          ontoclasm_vaults_eye, st_greater_box_2, v_alt_pattern_5,
          ontoclasm_vaults_fault, nicolae_vaults_ring_of_whatevers,
          ontoclasm_vaults_twist, vaults_room_pool, ontoclasm_vaults_ligature,
          nicolae_vaults_sealed_display, vaults_dpeg_hooks,
          layout_vaults_omnicross
Vaults:3: v_misc_26, hangedman_vaults_cutoff, ontoclasm_vaults_chip, st_squares,
          nicolae_vaults_rhombus_5, nicolae_vaults_angled_halls,
          nicolae_vaults_alarming, nicolae_vaults_asterisk,
          nicolae_vaults_angled_halls, layout_vaults_ring, serial_shops,
          statue_bzr
Vaults:4: vaults_room_fancy_cross, v_misc_30, nicolae_vaults_specimen_jars,
          vaults_room_boxed, grunt_vaults_funnel, hangedman_vaults_stream,
          nicolae_vaults_big_angled_halls, hangedman_vaults_corner, v_pattern_1,
          ontoclasm_vaults_hangar, layout_vaults_maze_bifur, uniq_xtahua,
          uniq_bai_suzhen
Vaults:5: serial_shops
Crypt:1:  layout_gridlike, grunt_crypt_arrival_split, uniq_margery
Crypt:2:  layout_gridlike, evilmike_ambush [evilmike_ambush_outer_doors,
          evilmike_ambush_inner_pond]
Crypt:3:  due_elkab, layout_chaotic_city, nicolae_tomb_entry_rubble_hallway
Depths:1: layout_cave_pools, serial_shops, shop_fountains, pf_coc_iceberg,
          chequers_hall_statues_y, nicolae_sif_muna_condensation
Depths:2: nicolae_cairo_tiling_very_big, layout_basic, rand_demon_pan_entry_4,
          hell_entry, nrook_mini_backslash, nrook_pool_corridor
Depths:3: minmay_the_grid_net [minmay_the_grid_odd_star,
          minmay_the_grid_zigzag_pyramid, minmay_the_grid_x,
          minmay_the_grid_plusring, minmay_the_grid_airy,
          minmay_the_grid_prize_four_corners_diamond_a], layout_gridlike,
          enter_ziggurat_a, abyss_entry_glasseish, grunt_hell_entry_dis_mu,
          ashenzari_altar_1, hangedman_abyss_or_decor_stabs,
          infiniplex_staircase_zigzag_2, minmay_shop_grove
Depths:4: grunt_zot_entry_bicorn, layout_cave_pools, abyss_entry,
          nicolae_ru_the_path_less_chosen, grunt_pan_entry_in_and_out,
          pf_hell_entry_tar_river
Pan:      grunt_pan_in_and_out, layout_pan_divisions_b
          [pan_division_quadrant_b5, pan_division_quadrant_b4,
          pan_division_quadrant_b3, pan_division_quadrant_b3],
          pan_blood_fountain, regret_index_pan_draining_boxed,
          layout_pan_divisions_a [pan_division_quadrant_a2,
          pan_division_quadrant_a6, pan_division_quadrant_a3,
          pan_division_quadrant_a2, pan_division_octagon_divided],
          nicolae_pan_lom_lobonic_3, evilmike_mini_pan_pillars_b,
          layout_chambers, evilmike_mini_pan_diamond, layout_pan_divisions_a
          [pan_division_quadrant_a2, pan_division_quadrant_a5,
          pan_division_quadrant_a2, pan_division_quadrant_a3,
          pan_division_octagon_halves], pan_blood_fountain_small,
          nicolae_pan_cerebovesque_1, evilmike_mini_pan_other_thingy,
          layout_small_grid, nicolae_pan_hourglass, layout_gridlike,
          evilmike_mini_pan_pillars, layout_onion_city, rand_demon_8,
          layout_pan_divisions_a [pan_division_quadrant_a4,
          pan_division_quadrant_a1, pan_division_quadrant_a4,
          pan_division_quadrant_a6, pan_division_octagon_altar]

Skill      XL: |  1  2  3  4  5  6  7  8  9 10 11 12 13 14 15 16 17 18 19 20 21 22 23 24 25 26 27 |
---------------+----------------------------------------------------------------------------------+-----
Unarmed Combat | 1 2 3 5 6 8 9 11 12 13 15 16 18 20 21 23 24 25 26 27 | 27.0
Transmutations | 1 2 3 4 6 8 9 10 11 12 | 12.0
Fighting       | 2 3 4 6 7 8 9 10 11 12 13 14 15 16 17 18 20 21 22 | 22.8
Spellcasting   | 2 3 4 5 6 7 8 9 10 11 | 11.0
Invocations    | 1 2 4 5 7 8 9 10 | 10.7
Dodging        | 3 4 6 7 8 9 10 11 | 11.0
Translocations | 1 2 3 |  3.0
Air Magic      | 2 5 7 9 10 12 14 17 | 17.5
Fire Magic     | 1 |  1.0
Poison Magic   | 1 |  1.0
Throwing       | 3 |  3.0
Stealth        | |  1.0
Conjurations   | |  2.9

Action                   |  1- 3 |  4- 6 |  7- 9 | 10-12 | 13-15 | 16-18 | 19-21 | 22-24 | 25-27 || total
-------------------------+-------+-------+-------+-------+-------+-------+-------+-------+-------++-------
Melee: Unarmed           |    95 |   151 |   299 |   564 |  1014 |  1366 |  1432 |  1652 |   916 ||  7489
       Punch             |     1 |     3 |    13 |    28 |   138 |   205 |   227 |   325 |   163 ||  1103
       Whip              |       |       |       |       |    64 |       |       |       |       ||    64
       Executioner's axe |       |       |       |       |     5 |       |       |     2 |       ||     7
Throw: Dart              |       |     9 |     8 |    30 |    23 |    11 |    17 |     6 |       ||   104
       Large rock        |       |       |       |    19 |    18 |    66 |    96 |     4 |       ||   203
       Throwing net      |       |       |       |     1 |     6 |     5 |     9 |     2 |       ||    23
 Cast: Magic Dart        |    15 |    56 |   133 |   165 |   271 |   132 |    10 |    68 |     1 ||   851
       Wereblood         |       |       |     8 |    12 |    12 |    26 |       |     1 |       ||    59
       Poisonous Vapours |       |       |       |       |    11 |   137 |       |   115 |     1 ||   264
       Ignite Poison     |       |       |       |       |     6 |    45 |       |    44 |     1 ||    96
       Lesser Beckoning  |       |       |       |       |       |    36 |       |    25 |    27 ||    88
       Corpse Rot        |       |       |       |       |       |     1 |       |     1 |       ||     2
       Blink             |       |       |       |       |       |       |       |     1 |       ||     1
       Storm Form        |       |       |       |       |       |       |       |    17 |    70 ||    87
       Apportation       |       |       |       |       |       |       |       |       |     1 ||     1
Invok: Heroism           |       |       |     2 |    18 |    26 |    32 |    24 |    15 |       ||   117
       Finesse           |       |       |       |     2 |     4 |     6 |     5 |     4 |     3 ||    24
       Duel              |       |       |       |       |     1 |     5 |     4 |     5 |       ||    15
 Abil: Blinkbolt         |       |       |       |       |       |       |       |    18 |    57 ||    75
       End Transformatio |       |       |       |       |       |       |       |     3 |    27 ||    30
Evoke: Wand              |       |       |     3 |    15 |     9 |    19 |     5 |    13 |     7 ||    71
       Condenser vane    |       |       |       |       |       |       |     6 |     5 |       ||    11
       Phial of floods   |       |       |       |       |       |       |       |     2 |       ||     2
  Use: Scroll            |       |     6 |     7 |    10 |    12 |    20 |     6 |    20 |     6 ||    87
       Potion            |       |       |       |     3 |     9 |    15 |     6 |    13 |     7 ||    53
 Stab: Sleeping          |       |       |     2 |       |     8 |     3 |       |     1 |       ||    14
       Paralysed         |       |       |       |     3 |     3 |     2 |       |       |       ||     8
       Held in net/web   |       |       |       |       |     1 |       |     1 |     4 |       ||     6
       Invisible         |       |       |       |       |       |     5 |       |     1 |       ||     6
       Petrified         |       |       |       |       |       |       |     3 |       |       ||     3
       Petrifying        |       |       |       |       |       |       |     2 |       |       ||     2
       Distracted        |       |       |       |       |       |       |     1 |       |     1 ||     2
       Confused          |       |       |       |       |       |       |     6 |     4 |       ||    10
Armor: Robe              |    23 |    34 |    67 |   215 |   196 |    71 |   216 |       |     4 ||   826
       Acid dragon scale |       |       |       |       |    89 |   413 |       |       |       ||   502
       Fire dragon scale |       |       |       |       |     1 |       |       |     2 |       ||     3
       Ice dragon scales |       |       |       |       |       |       |    37 |   183 |       ||   220
       Quicksilver drago |       |       |       |       |       |       |       |   225 |       ||   225
       Skin              |       |       |       |       |       |       |       |    53 |   200 ||   253
Dodge: Dodged            |    37 |    53 |   120 |   302 |   409 |   552 |   386 |   463 |   590 ||  2912
